Cogmind - Beta 16.1 *** ADVENTURER MODE // 2026.03.13 @ 20:31:35 Player: PerrySimm Result: Destroyed by S-27 Virus with Autogun Performance ------------- Evolutions (4) 2000 Regions Visited (6) 1200 Robots Destroyed (1) 5 Value Destroyed (80) 80 Prototype IDs (14) 280 Alien Tech Used (0) 0 Bonus (676) 676 TOTAL SCORE: 4241 Bonus ------- Pacifist 364 Follower Combat Kills 12 Registered with UFD 300 Cogmind --------- Core Integrity 0/850 Matter 8/300 Energy 83/100 System Corruption 2% Temperature Cool (0) Movement Core (50) Location -6/Factory Parts ------- > --- POWER (1) -------- (None) > --- PROPULSION (4) --- (None) > --- UTILITY (5) ------ (None) > --- WEAPON (5) ------- (None) > --- INVENTORY (5) ---- Light Ion Engine Aluminum Leg Heavy Plasma Cannon Light Assault Rifle Gamma Bomb Array Peak State ------------ > --- POWER ------------ Light Angular Momentum Engine > --- PROPULSION ------- Heavy Treads Aluminum Leg Aluminum Leg > --- UTILITY ---------- Small Storage Unit Enhanced Optical Array Advanced Signal Interpreter Improved Light Armor Plating EM Shield > --- WEAPON ----------- 1B-0RG's Assimilator > --- INVENTORY -------- Light Ion Engine Antimatter Reactor Aluminum Leg Heavy Plasma Cannon Light Assault Rifle Gamma Bomb Array [Rating: 105] Favorites ----------- Power Subdweller Power Source Engine Subdweller Power Source Propulsion Aluminum Leg Treads Heavy Treads Leg Aluminum Leg Utility Small Storage Unit Device Subdweller Optics Storage Small Storage Unit Processor Advanced Signal Interpreter Protection Improved Light Armor Plating Weapon Light Assault Rifle Energy Gun Salvaging Laser Ballistic Gun Light Assault Rifle Launcher Gamma Bomb Array Special Melee Weapon 1B-0RG's Assimilator Build | -11 -10 -10 -8 -6 -6 -6 ------- Run | Yrd Mat Sub Scr Fac Was Fac Slots Evolved 8 | . . . . 8 . . Power . | . . . . . . . Propulsion 2 | . . . . 2 . . Utility 3 | . . . . 3 . . Weapon 3 | . . . . 3 . . Parts Attached 22 | 6 . 6 . . 3 7 Power 5 | 1 . 2 . . 1 1 Engine 5 | 1 . 2 . . 1 1 Core . | . . . . . . . Reactor . | . . . . . . . Propulsion 5 | 2 . 1 . . 1 1 Treads 1 | . . . . . . 1 Leg 4 | 2 . 1 . . 1 . Wheel . | . . . . . . . Hover . | . . . . . . . Flight . | . . . . . . . Utility 6 | 1 . 1 . . . 4 Device 2 | . . 1 . . . 1 Storage 1 | 1 . . . . . . Processor 2 | . . . . . . 2 Hackware . | . . . . . . . Protection 1 | . . . . . . 1 Artifact . | . . . . . . . Weapon 6 | 2 . 2 . . 1 1 Energy Gun 2 | 1 . 1 . . . . Energy Cannon . | . . . . . . . Ballistic Gun 2 | 1 . 1 . . . . Ballistic Cannon . | . . . . . . . Launcher 1 | . . . . . . 1 Special Weapon . | . . . . . . . Impact Weapon . | . . . . . . . Slashing Weapon . | . . . . . . . Piercing Weapon . | . . . . . . . Special Melee Weapon 1 | . . . . . 1 . Unidentified Prototypes 1 | . . . . . 1 . Parts Lost 3 | . . . . . . 3 Power . | . . . . . . . Propulsion 1 | . . . . . . 1 Utility 1 | . . . . . . 1 Weapon 1 | . . . . . . 1 Highest Loss Streak 1 | . . . . . . 1 To Critical Strikes . | . . . . . . . Average Backups 4 | . 3 6 4 4 2 5 Power 1 | . 1 2 1 1 . 2 Propulsion 1 | . 1 2 1 1 . 1 Utility . | . . . . . . . Weapon 1 | . . 1 1 1 1 2 Tool/Special . | . . . . . . . Unused Backups 6 | . . 2 . . . 4 Power 3 | . . 1 . . . 2 Propulsion 1 | . . 1 . . . . Utility . | . . . . . . . Weapon 2 | . . . . . . 2 Tool/Special . | . . . . . . . Average Slot Usage (%) 83 | . 85 96 100 46 40 50 Engine 11 | . 14 14 14 6 5 5 Leg 24 | . 28 28 28 13 19 13 Device 9 | . . 10 14 6 . 4 Storage 11 | . 14 14 14 6 6 5 Processor 1 | . . . . . . 6 Energy Gun 10 | . 14 14 14 6 . . Ballistic Gun 10 | . 14 14 14 6 . . Special Melee Weapon 1 | . . . . . 5 5 Peak Build Rating 105 | 6 6 15 15 15 72 105 Average Rating 30 | 3 6 10 15 15 70 85 On Entrance 18 | . 6 6 15 15 15 72 Avg Prop Armor Cover (%) 8 | . . . . . . 8 Naked Turns 8 | . . . . . . 8 Heaviest Build 73 | 13 13 14 14 14 63 73 Greatest Support 70 | 20 20 20 20 20 30 70 Greatest Overweight (x) 7 | 1 . . . . 2 7 Average Overweight (x) . | . . . . . 2 1 Largest Inventory Capacity 8 | 8 8 8 8 8 8 8 Average Capacity 7 | 6 8 8 8 8 8 7 Most Carried 8 | . 6 8 8 8 8 7 Average Carried 6 | . 3 7 8 8 3 5 Final Capacity 8 | 8 8 8 8 8 8 5 Final Carried 8 | . 6 8 8 8 5 5 Class Distribution -------------------- 62% | Scavenger-Mutant 37% | Mutant Dominant Class ---------------- Mutant | -10/Materials Scavenger-Mutant | -10/Subcaves Scavenger-Mutant | -8/Scraptown Scavenger-Mutant | -6/Factory Mutant | -6/Waste Mutant | -6/Factory Resources | -11 -10 -10 -8 -6 -6 -6 ----------- Run | Yrd Mat Sub Scr Fac Was Fac Matter Collected 485 | 138 116 76 . . 42 113 Remotely . | . . . . . . . Salvage Created 70 | . . . . 70 . . Parts . | . . . . . . . Haulers Intercepted . | . . . . . . . Recyclers Shooed . | . . . . . . . Parts Field Recycled . | . . . . . . . Retrieved Matter . | . . . . . . . Parts Self-Destructed . | . . . . . . . Prevented . | . . . . . . . Parts Restored . | . . . . . . . Kills | -11 -10 -10 -8 -6 -6 -6 ------- Run | Yrd Mat Sub Scr Fac Was Fac Combat Hostiles Destroyed 1 | . . . . 1 . . Guns 1 | . . . . 1 . . Classes Destroyed 1 | . . . . 1 . . Grunt 1 | . . . . 1 . . Best Kill Streak 1 | . . . . 1 . . Combat Bots Only 1 | . . . . 1 . . Max Kills in Single Turn 1 | . . . . 1 . . Gunslinging . | . . . . . . . Exploded . | . . . . . . . Melee . | . . . . . . . Uniques/NPCs Destroyed . | . . . . . . . Combat | -11 -10 -10 -8 -6 -6 -6 -------- Run | Yrd Mat Sub Scr Fac Was Fac Hostile Shots Fired 238 | . . 11 . 23 . 204 Missed 84 | . . 1 . 10 . 73 Hits 154 | . . 10 . 13 . 131 Melee 48 | . . . . . . 48 Projectile 106 | . . 10 . 13 . 83 AOE 1 | . . . . . . 1 Critical Strikes 22 | . . . . . . 22 Damage Taken 1932 | . . 169 . 193 . 1570 Core 884 | . . 30 . 30 . 824 Absorbed by Shields 72 | . . . . . . 72 Ignored by Resistances 564 | . . 46 . 52 . 466 Regen/Repaired (Parts) 33 | . . . . . . 33 Core Remaining (%) 94 | 100 . . 88 . . . Volleys Fired 22 | . 2 8 . 12 . . Largest 2 | . 2 2 . 2 . . Hottest 60 | . 60 60 . 50 . . Shots Fired 44 | . 4 16 . 24 . . Gun 44 | . 4 16 . 24 . . Cannon . | . . . . . . . Launcher . | . . . . . . . Special . | . . . . . . . Kinetic 22 | . 2 8 . 12 . . Thermal 13 | . . 1 . 12 . . Explosive . | . . . . . . . Electromagnetic 9 | . 2 7 . . . . Robot Hit Streak 22 | . 2 14 . 22 . . Robot Miss Streak 2 | . 2 . . 1 . . Penetration Max . | . . . . . . . Secondary Targets 1 | . . . . 1 . . Max Gunslinging Chain 1 | . . . . 1 . . Shots Hit Robots 39 | . 2 14 . 23 . . Core Hits 10 | . . 4 . 6 . . Critical Kills . | . . . . . . . Critical Parts Destroyed . | . . . . . . . Critical Strikes . | . . . . . . . Melee Attacks . | . . . . . . . Impact . | . . . . . . . Slashing . | . . . . . . . Piercing . | . . . . . . . Sneak Attacks . | . . . . . . . Combat Hostiles . | . . . . . . . Follow-up Attacks . | . . . . . . . Damage Inflicted 351 | . 23 132 . 196 . . Guns 351 | . 23 132 . 196 . . Cannons . | . . . . . . . Explosions . | . . . . . . . Melee . | . . . . . . . Ramming . | . . . . . . . Kinetic 149 | . 8 56 . 85 . . Thermal 111 | . . . . 111 . . Explosive . | . . . . . . . Electromagnetic 91 | . 15 76 . . . . Impact . | . . . . . . . Slashing . | . . . . . . . Piercing . | . . . . . . . Highest Corruption 2 | . . . . . . 2 Average Corruption 1 | . . . . . . 1 Corruption Purged . | . . . . . . . Corruption Blocked . | . . . . . . . Overload Shots . | . . . . . . . Overflow Damage . | . . . . . . . Projectiles . | . . . . . . . Explosions . | . . . . . . . Melee . | . . . . . . . Knockbacks . | . . . . . . . Impact . | . . . . . . . Kinetic . | . . . . . . . Secondary . | . . . . . . . Self-Inflicted Damage . | . . . . . . . Shots . | . . . . . . . Rammed . | . . . . . . . Targets Rammed . | . . . . . . . Kicked . | . . . . . . . Crushed . | . . . . . . . Highest Temperature 20 | . 20 2 . 6 . . Average Temperature 10 | . 12 2 . 6 . . Received Heat Transfer 223 | . . 42 . 117 . 64 Siege Activations . | . . . . . . . Martial Activations . | . . . . . . . Shielding Activations . | . . . . . . . Robots Disrupted . | . . . . . . . Combat Hostiles . | . . . . . . . Robots Corrupted . | . . . . . . . Combat Hostiles . | . . . . . . . Parts Fried . | . . . . . . . Impact Corruptions . | . . . . . . . Robots Melted . | . . . . . . . Combat Hostiles . | . . . . . . . Parts Melted . | . . . . . . . Heat Transferred 300 | . . . . 300 . . Parts Sabotaged . | . . . . . . . Parts Stolen . | . . . . . . . Parts Stripped . | . . . . . . . Power Chain Reactions . | . . . . . . . Alert | -11 -10 -10 -8 -6 -6 -6 ------- Run | Yrd Mat Sub Scr Fac Was Fac Maximum Alert Level . | . . . . . . . Low Security (%) 100 | 100 100 . . 100 100 100 Level 1 . | . . . . . . . Level 2 . | . . . . . . . Level 3 . | . . . . . . . Level 4 . | . . . . . . . Level 5 . | . . . . . . . High Security . | . . . . . . . Max Security . | . . . . . . . Peak Influence 25 | . 13 . . 25 7 21 Initial 7 | . . . . . 7 . Average . | . . . . 9 . . Influence Increases 96 | . 13 . . 35 . 48 Destroy 0b10 Robot/C 40 | . . . . 20 . 20 Allied During Kill 1 | . . . . . . 1 Successful Hack 13 | . 13 . . . . . Disable Machine 27 | . . . . . . 27 Lose Combat Pursuer 15 | . . . . 15 . . Influence Decreases 96 | . 10 3 . 10 25 48 Entered New Map 21 | . . 3 . . 18 . Time Decay 55 | . 10 . . 10 7 28 Lost Ally 20 | . . . . . . 20 Squads Dispatched 4 | . . . . . . 4 Investigation . | . . . . . . . Extermination 3 | . . . . . . 3 Reinforcement 1 | . . . . . . 1 Assault . | . . . . . . . Garrison . | . . . . . . . Intercept . | . . . . . . . Searches Triggered . | . . . . . . . Construction Impeded . | . . . . . . . Haulers Reinforced . | . . . . . . . Active Scanning Responses . | . . . . . . . Cargo Convoy Interrupts . | . . . . . . . Stealth | -11 -10 -10 -8 -6 -6 -6 --------- Run | Yrd Mat Sub Scr Fac Was Fac Distress Signals 4 | . 3 . . . . 1 Communications Jammed . | . . . . . . . Distress Signals . | . . . . . . . Times Spotted 33 | . 7 3 . 3 . 20 Peak Tracking Total 8 | . 4 2 . 2 . 8 Tactical Retreats 1 | . . . . 1 . . Traps | -11 -10 -10 -8 -6 -6 -6 ------- Run | Yrd Mat Sub Scr Fac Was Fac Traps Triggered 5 | . . . . 1 . 4 Indirectly . | . . . . . . . Trap Hack Attempts . | . . . . . . . Triggered . | . . . . . . . Disarmed . | . . . . . . . Reprogrammed . | . . . . . . . Reused . | . . . . . . . Traps Extracted . | . . . . . . . Installed . | . . . . . . . Triggered . | . . . . . . . Machines | -11 -10 -10 -8 -6 -6 -6 ---------- Run | Yrd Mat Sub Scr Fac Was Fac Machines Disabled 3 | . . . . . . 3 Max in Single Turn . | . . . . . . . Machines Repaired . | . . . . . . . Machines Dismantled . | . . . . . . . Machines Sabotaged . | . . . . . . . Overloaded Fab Kills . | . . . . . . . Hacking | -11 -10 -10 -8 -6 -6 -6 --------- Run | Yrd Mat Sub Scr Fac Was Fac Machines Accessed 8 | . 1 1 4 . . 2 Terminals 2 | . 1 . . . . 1 Fabricators . | . . . . . . . Repair Stations . | . . . . . . . Recycling Units . | . . . . . . . Scanalyzers 1 | . . . . . . 1 Garrison Access . | . . . . . . . Total Hacks 26 | . 4 4 15 . . 3 Successful 24 | . 3 4 15 . . 2 Failed 2 | . 1 . . . . 1 Catastrophic . | . . . . . . . Database Lockouts . | . . . . . . . Manual 4 | . 4 . . . . . Terminals 5 | . 4 . . . . 1 Fabricators . | . . . . . . . Repair Stations . | . . . . . . . Recycling Units . | . . . . . . . Scanalyzers 2 | . . . . . . 2 Garrison Access . | . . . . . . . Terminal Hacks 22 | . 3 4 15 . . . Record 18 | . . 3 15 . . . Robot Analysis 1 | . 1 . . . . . Branch Access Points 1 | . 1 . . . . . Unreport Threat 1 | . 1 . . . . . Proto ID Catalog 1 | . . 1 . . . . Fabricator Hacks . | . . . . . . . Repair Station Hacks . | . . . . . . . Recycling Unit Hacks . | . . . . . . . Scanalyzer 2 | . . . . . . 2 Retrieve Study 2 | . . . . . . 2 Garrison Access Hacks . | . . . . . . . Unauthorized Hacks . | . . . . . . . Terminals . | . . . . . . . Fabricators . | . . . . . . . Repair Stations . | . . . . . . . Recycling Units . | . . . . . . . Scanalyzers . | . . . . . . . Garrison Access . | . . . . . . . Data Cores Recovered . | . . . . . . . Used . | . . . . . . . Hacking Detections 3 | . 1 . . . . 2 Full Trace Events . | . . . . . . . Feedback Events . | . . . . . . . Feedback Blocked . | . . . . . . . Robot Schematics Acquired . | . . . . . . . Robots Built . | . . . . . . . Authchips . | . . . . . . . Time . | . . . . . . . Total Robot Build Rating . | . . . . . . . Part Schematics Acquired . | . . . . . . . Parts Built . | . . . . . . . Authchips . | . . . . . . . Time . | . . . . . . . Total Part Build Rating . | . . . . . . . Part Studies Acquired 1 | . . . . . . 1 Parts Repaired . | . . . . . . . Time . | . . . . . . . Parts Recycled . | . . . . . . . Recycled Matter . | . . . . . . . Retrieved Matter . | . . . . . . . Retrieved Components . | . . . . . . . Parts Scanalyzed . | . . . . . . . Part Schematics Acquired . | . . . . . . . Parts Damaged . | . . . . . . . Bothacking | -11 -10 -10 -8 -6 -6 -6 ------------ Run | Yrd Mat Sub Scr Fac Was Fac Used RIF Installer . | . . . . . . . Robots Hacked . | . . . . . . . Non-combat . | . . . . . . . Combat . | . . . . . . . Robot Hacks Applied . | . . . . . . . Relay Couplers Released . | . . . . . . . Fabnet Peak Effective % . | . . . . . . . Robots Rewired . | . . . . . . . Allies Hacked . | . . . . . . . Hacks Repelled . | . . . . . . . Allies | -11 -10 -10 -8 -6 -6 -6 -------- Run | Yrd Mat Sub Scr Fac Was Fac Total Allies . | . . . . . . . Largest Group . | . . . . . . . Highest-Rated Group . | . . . . . . . Highest-Rated Ally . | . . . . . . . Initial UFD Resources 33 | . . . . 33 33 33 Total Orders . | . . . . . . . Ally Attacks 21 | . . . . . . 21 Total Damage 344 | . . . . . . 344 Kills 2 | . . . . . . 2 Allies Corrupted . | . . . . . . . Allies Melted . | . . . . . . . Borg Created 6 | . . . . . . 6 Largest Collective 2 | . . . . . . 2 Intel | -11 -10 -10 -8 -6 -6 -6 ------- Run | Yrd Mat Sub Scr Fac Was Fac Active Infowar (turns) 963 | . . 535 . . . 428 Optics 963 | . . 535 . . . 428 Robot Analysis Total 1 | . 1 . . . . . Derelict Logs Recovered . | . . . . . . . Drone Launches . | . . . . . . . Drone Recoveries . | . . . . . . . Exploration | -11 -10 -10 -8 -6 -6 -6 ------------- Run | Yrd Mat Sub Scr Fac Was Fac Turns Passed 4152 | 57 152 1089 1695 76 237 846 Spaces Moved 2752 | 43 102 728 1382 40 89 368 Core 58 | 8 . . . . . 50 Treads 209 | . . . . . . 209 Legs 2485 | 35 102 728 1382 40 89 109 Wheels . | . . . . . . . Hover . | . . . . . . . Flight . | . . . . . . . Fastest Speed 50 | 50 120 120 120 120 260 50 Average Speed 136 | 112 120 120 120 120 260 212 Slowest Speed 610 | 120 120 120 120 120 260 610 Overloaded Moves . | . . . . . . . Propulsion Burnouts . | . . . . . . . Robots Hopped . | . . . . . . . Potential Cave-ins . | . . . . . . . Cave-ins Triggered . | . . . . . . . Exploration Rate (%) 32 | 5 21 39 75 2 71 13 Regions Visited 6 Branch Regions 2 Pre-discovered Areas 2 | . . . 2 . . . Known Exits Taken . | . . . . . . . Unknown Exits Taken 4 | 1 1 1 1 . . . Scrap Searched 3 | . . 3 . . . . Spaces Dug . | . . . . . . . Terrain Destroyed . | . . . . . . . Melee . | . . . . . . . Projectile . | . . . . . . . AOE . | . . . . . . . Terrain Rammed . | . . . . . . . Walls Destroyed . | . . . . . . . Machines Disabled . | . . . . . . . Actions | -11 -10 -10 -8 -6 -6 -6 --------- Run | Yrd Mat Sub Scr Fac Was Fac Total 3093 | 48 128 930 1418 52 98 419 Wait 253 | . 19 180 37 . . 17 Move 2747 | 42 101 727 1381 40 88 368 Hop . | . . . . . . . Pick Up 14 | . 6 2 . . 3 3 Fast Attach 13 | 6 . 3 . . . 4 Attach 6 | . . 1 . . 3 2 Detach 2 | . . . . . . 2 Swap 3 | . . 2 . . . 1 Drop 11 | . . 7 . . 4 . Fire 22 | . 2 8 . 12 . . Melee . | . . . . . . . Ram . | . . . . . . . Kick . | . . . . . . . Crush . | . . . . . . . Escape Stasis 15 | . . . . . . 15 Rewire 1 | . . . . . . 1 Trap . | . . . . . . . Miscellaneous 6 | . . . . . . 6 Route ------- -11/Scrapyard -10/Materials (discovered 3 exits: Min x2 / *Sub) -10/Subcaves -8/Scraptown -6/Factory -6/Waste -6/Factory History --------- Turn | Location | Event 20 | -11/Scrapyard | Discovered new exit (range 15) 58 | -11/Scrapyard | Entered Materials 59 | -10/Materials | Met a group of wandering Federalists 196 | -10/Materials | Identified exit to Mines 199 | -10/Materials | Discovered new exit (range 7) 210 | -10/Materials | Entered Subcaves 210 | -10/Subcaves | Accompanied by 1 ally 211 | -10/Subcaves | Continued accompanying wandering Federalists (5) 211 | -10/Subcaves | Approached by a straggling Scientist 273 | -10/Subcaves | Lost 3 allies 297 | -10/Subcaves | Shifting Twisted Machinery released Sub. Power Source 306 | -10/Subcaves | Build established: Mutant 360 | -10/Subcaves | Lost 3 allies 421 | -10/Subcaves | Wandering Federalist uncovered a shortcut to Scraptown 733 | -10/Subcaves | Build established: Scavenger-Mutant 876 | -10/Subcaves | Visited 4L-MR0's lab 906 | -10/Subcaves | Found Prototype Special Melee Weapon 1120 | -10/Subcaves | Shifting Twisted Machinery released Sub. Laser 1299 | -10/Subcaves | Entered Scraptown 1375 | -8/Scraptown | Heard Great Nut preacher, LISTEN AND RECITE! 1376 | -8/Scraptown | Visited Cave Peace 1661 | -8/Scraptown | Visited Cyclists 1700 | -8/Scraptown | Visited Red Mages 1741 | -8/Scraptown | Visited UFD Registry 1748 | -8/Scraptown | Registered with UFD as "Dualmod" 1777 | -8/Scraptown | Visited Botcube Research 2013 | -8/Scraptown | Visited Research Penetration Think Tank 2040 | -8/Scraptown | Visited Scrap Suit Storage 2076 | -8/Scraptown | Discovered new exit (range 5) 2190 | -8/Scraptown | Visited Derelict Rescue Squad 2209 | -8/Scraptown | Visited Curators Association 2300 | -8/Scraptown | Entered Cyclist Reading Room 2305 | -8/Scraptown | Learned location of Zion (-7) 2618 | -8/Scraptown | Visited Abandonware Association 2649 | -8/Scraptown | Learned abandonware demo "ERRANTS.EXE" 2709 | -8/Scraptown | Visited LU-1G1's Boring Crew 2827 | -8/Scraptown | Visited Chapter 10 2994 | -8/Scraptown | Entered Factory 2994 | -6/Factory | Evolved 8 slots: Propulsion x2, Utility x3, Weapon x3 3070 | -6/Factory | Sucked down chute 3070 | -6/Factory | Entered Waste 3070 | -6/Waste | The area was eerily silent 3073 | -6/Waste | Identified 1B-0RG's Assimilator 3177 | -6/Waste | Found Gamma Bomb Array 3268 | -6/Waste | Discovered new exit (range 13) 3307 | -6/Waste | Entered Factory 3362 | -6/Factory | Build established: Mutant 3586 | -6/Factory | Assimilating Guardian 5a into Collective. 3691 | -6/Factory | Assimilating Hacker 5a into Collective. 3805 | -6/Factory | Assimilating Virus 5a into Collective. 3813 | -6/Factory | Assimilating Virus 5b into Collective. 3822 | -6/Factory | Assimilating Virus 5c into Collective. 3917 | -6/Factory | Assimilating Slayer 5a into Collective. 4125 | -6/Factory | Core integrity fell below 50% 4145 | -6/Factory | Core integrity fell below 20% 4153 | -6/Factory | Destroyed by S-27 Virus with Autogun Last Messages --------------- 04126_ P-60 Hacker resets M-13 Machinist, system corruption cleaned. 04132_ P-60 Hacker resets C-17 Slicer, system corruption cleaned. 04143_ Sml. Storage Unit destroyed. 04143_ Triggered Stasis Trap. 04143_ A bubble of rippling energy engulfs the area. 04143_ Field strength at 94. 04144_ Field strength at 88. 04145_ Field strength at 74. 04146_ Field strength at 64. 04147_ Field strength at 55. 04148_ Field strength at 38. 04149_ Field strength at 26. 04151_ Field strength at 6. 04151_ Stasis field depleted. 04152_ ALERT: Potential suspicious activity detected, Programmers report to Factory Zone 7W. Map ----- +----------------------------------------------------+ | ???????????????????? # | | ???????????????????? # | | ????????????????????###########+############ # | | ???????????????????????????????????????????# # | | ???????????????????????????????????????????# # | | ???????????????????????????????????????????# # | | ???????????????????????????????????????????# # | | ???????????????????????????????????????????# # | | ???????????????????????????????????????????# # | | ???????????????????????????????????????????# # | | ???????????????????????????????????????????# # | | ???????????????????????????????????????????# | | ???????????????????????????????????????????+ | | ???????????????????????????????????????????# | | ???????????????????????????????????????????# " | | ???????????????????????????????????????????# " | | ???????????????????????????????????????????# | | ????????????????????????????????????######## | | ????????????????????????????????????# | | ???????????????????????????????????## = | | ???????????????????????????????????# | | ???????????????????????????????????# | | ?????????????##+##+????????????????## | | ?????????????# ??????????####?# | | ?????????????# #########T ### | | ?????????????# @ ^* ss | | ?????????????# c m p ######## | | ?????????????+ Y c m s k #??????? | | ?????????????# ^ #??????? | | ?????????????# #??????? | | ?????????????# ! ###+############+###??????? | | ?????????????# ??????????????????????????? | | ?????????????#########???????????????????????????? | | ?????????????????????????????????????????????????? | | ?????????????????????????????????????????????????? | | ?????????????????????????????????????????????????? | | ?????????????????????????????????????????????????? | | ?????????????????????????????????????????????????? | | | | | | | | | | | | | | | | | | | | | | | | | +----------------------------------------------------+ Best States ------------- Heat Dissipation 37 Energy Generation 19 Energy Capacity 250 Matter Stores 300 Matter Capacity 300 Sight Range 22 Terrain Scan Density 10 Armor Coverage 150 Resistance: KI 20 Resistance: TH 20 Resistance: EX 20 Resistance: EM 45 Resistance: I 20 Resistance: S 20 Resistance: P 20 Evasion (%) 55 Recoil Reduction 2 Offensive Hacking 10 Item Schematics ----------------- None Robot Schematics ------------------ None Fabricated ------------ Nothing Repaired ---------- Nothing Studied --------- Lgt. Angular Momentum Engine | -6/Factory | Hacked Alien Tech Used ----------------- None Achievements -------------- Heavy Suspicion I Have A Map? I, Locutus Item+ Mistaken Identity Challenges ------------ None Game ------ Seed VariableCannonShifter Manual? 0 Play Time 00:49:40 Cumulative 132.0 hours Start 2026.03.13 @ 19:36:17 End 2026.03.13 @ 20:31:35 Sessions 1 Manual Loads 0 Difficulty Adventurer Special Mode None Game No. 88 Rogue 4 Adventurer 82 Explorer 2 Win Type - Total 3 Types 3/0/0/0/0/0/0/0/0/0 Lore% 35 Gallery% 42 Achievement% 25 Wizard Run 0 Options --------- Layout 1 ASCII 1 Keyboard 0 Movement Mouse Keybinds 0 Fullscreen 1 Font 24/Tamsyn Map View 50x35 Zoom Use 0% Tactical HUD 1 Map Filters NONE Filters NONE Steam 1 RUN: 2bd5332d-9de7-45f2-8533-56d5eb6fdbb7